 Dungeon Crawl Stone Soup version 0.30.1-11-g7821555f0a (webtiles) character file.

Game seed: 11763429419438648164

10913 MacCMillion the Cleaver (level 11, -12/94 HPs)
             Began as a Ghoul Fighter on Dec 3, 2023.
             Was a High Priest of Okawaru.
             Mangled by a polar bear (25 damage)
             ... on level 1 of the Lair of Beasts.
             The game lasted 00:18:08 (16448 turns).

MacCMillion the Cleaver (Ghoul Fighter)            Turns: 16448, Time: 00:18:09

Health: -12/94     AC: 12    Str: 31    XL:     11   Next: 69%
Magic:  14/14      EV:  9    Int:  3    God:    Okawaru [*****.]
Gold:   788        SH:  4    Dex:  8    Spells: 10/10 levels left

rFire   . . .        a - +0 war axe
rCold   + . .        c - +0 buckler
rNeg    + + +        z - +0 chain mail
rPois   ∞            K - +1 helmet
rElec   .            (no cloak)
rCorr   .            (no gloves)
SInv    .            (no boots)
Will    +....        (no amulet) Stlth
                     i - ring of willpower
HPRegen 0.00/turn    G - +6 ring of strength
MPRegen 0.14/turn

%: no passive effects
@: inhibited regen
A: claws 1, cold resistance 1, negative energy resistance 3, inhibited
regeneration, torment resistance 2, devour on kill
a: Renounce Religion, Heroism, Finesse, Duel


You were on level 1 of the Lair of Beasts.
You worshipped Okawaru.
Okawaru was extremely pleased with you.
You visited 3 branches of the dungeon, and saw 13 of its levels.

You collected 788 gold pieces.

Inventory:

Hand Weapons
 a - a +0 war axe (weapon)
Missiles
 l - 3 throwing nets
 q - 29 poisoned darts
 A - 8 boomerangs (quivered)
 I - a curare-tipped dart
 J - 4 atropa-tipped darts
Armour
 b - a +0 scale mail
 c - a +0 buckler (worn)
 z - a +0 chain mail (worn)
 K - a +1 helmet (worn)
 S - a +0 kite shield
Jewellery
 i - a ring of willpower (left claw)
 t - a ring of protection from fire
 E - a +6 ring of dexterity
 G - a +6 ring of strength (right claw)
 H - a +5 ring of evasion
 M - a ring of wizardry
 N - a ring of ice
 U - a +6 ring of strength
Wands
 p - a wand of mindburst (30)
 L - a wand of iceblast (12)
 T - a wand of flame (12)
Scrolls
 e - 7 scrolls of immolation {unknown}
 j - 3 scrolls of enchant weapon
 m - 2 scrolls of blinking
 n - 2 scrolls of enchant armour
 r - 3 scrolls of fear
 s - 2 scrolls of amnesia
 u - 2 scrolls of noise
 w - 2 scrolls of magic mapping {unknown}
 y - 2 scrolls of silence {unknown}
 D - a scroll of teleportation {unknown}
 F - a scroll of brand weapon {unknown}
 O - a scroll of vulnerability {unknown}
 Q - 2 scrolls of fog {unknown}
 R - a scroll of identify
Potions
 d - 5 potions of might
 f - 4 potions of brilliance
 g - 2 potions of attraction {unknown}
 h - a potion of berserk rage
 k - 2 potions of haste
 o - 2 potions of flight
 v - 2 potions of curing
 x - 2 potions of heal wounds
 B - a potion of lignification {unknown}
 C - 2 potions of ambrosia {unknown}
 P - 2 potions of magic {unknown}


   Skills:
 + Level 8.2 Fighting
 + Level 11.7 Axes
 + Level 4.8 Throwing
 + Level 6.8 Armour
 + Level 4.6 Shields
 - Level 6.0 Invocations


You had 10 spell levels left.
You didn't know any spells.
Your spell library contained the following spells:

 Spells                   Type           Power      Damage    Failure   Level
 Foxfire                  Conj/Fire      0%         2x1d4     94%         1
 Scorch                   Fire           0%         2d5       98%         2
 Flame Wave               Conj/Fire      0%         2d4       100%        4
 Fireball                 Conj/Fire      0%         3d3       100%        5
 Plasma Beam              Fire/Air       0%         2x1d11    100%        6
 Starburst                Conj/Fire      0%         6d3       100%        6
 Sublimation of Blood     Necr           Unusable   N/A       N/A         2
 Wereblood                Tmut           Unusable   N/A       N/A         2
 Summon Cactus Giant      Summ           Unusable   N/A       N/A         6
 Summon Hydra             Summ           Unusable   N/A       N/A         7

Dungeon Overview and Level Annotations

Branches:
Dungeon (11/15)            Temple (1/1) D:6            Lair (1/5) D:10
    Orc: D:9-12

Altars:
Cheibriados
Hepliaklqana
Kikubaaqudgha
Okawaru
Qazlal
Ru
Trog
Uskayaw
Xom
Yredelemnul

Shops:
D:9 =


Innate Abilities, Weirdness & Mutations

You are immune to poison.
You have sharp fingernails.
Your flesh is cold resistant. (rC+)
You are immune to negative energy. (rN+++)
You do not regenerate when monsters are visible.
You are immune to unholy pain and torment.
You thrive by killing the living.


Message History

The polar bear is severely wounded.
The polar bear barely misses you. x2
The polar bear claws you but does no damage.
You hit the polar bear.
The polar bear is severely wounded.
The polar bear goes berserk!
You hit the polar bear but do no damage.
The polar bear is severely wounded.
The polar bear bites you!! The polar bear barely misses you.
The polar bear claws you.
You hit the polar bear.
The polar bear is severely wounded.
The polar bear bites you!!
* * * LOW HITPOINT WARNING * * *
You block the polar bear's attack. The polar bear barely misses you.
You are too injured to fight recklessly!
You slash the polar bear!
The polar bear is almost dead.
The polar bear bites you.
* * * LOW HITPOINT WARNING * * *
The polar bear claws you but does no damage. x2
The polar bear closely misses you. The polar bear barely misses you.
The polar bear claws you but does no damage.
You slash the polar bear!
The polar bear is almost dead.
The polar bear barely misses you.
The polar bear claws you but does no damage. x2
You hit the polar bear.
The polar bear is almost dead.
You block the polar bear's attack.
The polar bear claws you but does no damage. x2
The polar bear bites you.
* * * LOW HITPOINT WARNING * * *
The polar bear claws you.
* * * LOW HITPOINT WARNING * * *
The polar bear claws you but does no damage.
You barely miss the polar bear.
The polar bear is almost dead.
The polar bear bites you!!
You die...

#)...
#....
...$#
....# ##
#...
##.## #..
#...# ###
#h##...#
####.#
#.@...#
##.....
##..#.##
##......
#....##
##...#.#.
#....#
#....####
#...##
##....#
#....#
###..####
#P..##
#.....#
##..###
##..#.#
#...[.#
#...###


You could see a polar bear (berserk).

Vanquished Creatures
  A boulder beetle (D:11)
  A black mamba (Lair:1)
  Maggie (D:7)
  A cane toad (Lair:1)
  A gargoyle (D:10)
  2 trolls (D:10)
  4 blink frogs (Lair:1)
  Grinder (D:5)
  A wraith (D:9)
  12 yaks
  Eustachio (D:4)
  Grum (D:9)
  2 steam dragons
  An acid dragon (D:9)
  Duvessa (D:7)
  A water moccasin (Lair:1)
  3 ice beasts
  5 orc warriors
  A black bear (D:6)
  3 ogres
  7 wolves
  2 sky beasts (D:8)
  5 centaurs
  2 phantoms
  2 kobold brigands
  3 bullfrogs
  Blork the orc (D:4)
  A gnoll sergeant (D:6)
  3 scorpions
  A water moccasin zombie (D:4)
  6 wights
  Dowan (D:7)
  6 killer bees (D:10)
  9 howler monkeys
  2 bullfrog zombies (D:4)
  2 jellies
  9 orc priests
  9 orc wizards
  5 iguanas
  A hound zombie (D:4)
  A howler monkey zombie (D:4)
  9 gnolls
  8 adders
  3 white imps
  An ufetubus (D:6)
  An adder zombie (D:4)
  A worm (D:2)
  A dart slug (D:2)
  30 orcs
  9 endoplasms
  A giant cockroach (D:2)
  7 goblins
  8 hobgoblins
  4 jackals (D:2)
  3 quokkas
  12 ball pythons
  5 bats
  3 frilled lizards
  21 kobolds
  A quokka zombie (D:4)
  6 rats
256 creatures vanquished.

Notes
Turn   | Place    | Note
-------+----------+-------------------------------------------
     0 | D:1      | MacCMillion the Ghoul Fighter began the quest for the Orb.
     0 | D:1      | Reached XP level 1. HP: 19/19 MP: 0/0
    17 | D:1      | Reached skill level 2 in Axes
   134 | D:1      | Reached XP level 2. HP: 5/26 MP: 1/1
  1051 | D:1      | Reached XP level 3. HP: 30/31 MP: 2/2
  1306 | D:1      | Reached XP level 4. HP: 12/38 MP: 3/3
  1516 | D:2      | Reached skill level 3 in Axes
  2101 | D:2      | Reached XP level 5. HP: 45/45 MP: 4/4
  2285 | D:2      | You fall into a shaft and drop 1 floor!
  2497 | D:3      | Found an iron altar of Okawaru.
  2513 | D:3      | Became a worshipper of Warmaster Okawaru
  2756 | D:3      | Found a snail-covered altar of Cheibriados.
  2832 | D:3      | Reached skill level 4 in Axes
  2832 | D:3      | Reached skill level 1 in Invocations
  3271 | D:4      | Noticed a phantom
  3277 | D:4      | Killed a phantom
  3278 | D:4      | Reached XP level 6. HP: 45/51 MP: 6/6
  3358 | D:4      | Reached * piety under Okawaru
  3454 | D:4      | Noticed Eustachio
  3564 | D:4      | Killed Eustachio
  3565 | D:4      | Reached skill level 5 in Axes
  3565 | D:4      | Reached XP level 7. HP: 13/57 MP: 8/8
  3772 | D:4      | Noticed Blork the orc
  3789 | D:4      | Killed Blork the orc
  3790 | D:4      | Reached skill level 6 in Axes
  4432 | D:5      | Entered Level 5 of the Dungeon
  4468 | D:5      | Reached ** piety under Okawaru
  4675 | D:5      | Found a sacrificial altar of Ru.
  4973 | D:5      | Found an ancient bone altar of Kikubaaqudgha.
  4990 | D:5      | Reached skill level 7 in Axes
  5273 | D:5      | Noticed Grinder
  5296 | D:5      | Killed Grinder
  5297 | D:5      | Reached XP level 8. HP: 54/63 MP: 9/9
  5327 | D:5      | Found a basalt altar of Yredelemnul.
  5461 | D:6      | Reached skill level 8 in Axes
  6210 | D:6      | Reached skill level 9 in Axes
  6345 | D:6      | Found a staircase to the Ecumenical Temple.
  6372 | D:6      | Reached *** piety under Okawaru
  6464 | Temple   | Entered the Ecumenical Temple
  6966 | D:6      | Reached XP level 9. HP: 15/70 MP: 7/10
  7599 | D:6      | Reached skill level 10 in Axes
  7970 | D:7      | Found a hide-covered altar of Uskayaw.
  8353 | D:7      | Noticed Duvessa
  8354 | D:7      | Noticed Dowan
  8366 | D:7      | Killed Duvessa
  8369 | D:7      | Killed Dowan
  8680 | D:7      | Found a bloodstained altar of Trog.
  9649 | D:7      | Noticed Maggie
  9668 | D:7      | Killed Maggie
  9669 | D:7      | Reached skill level 5 in Fighting
 10088 | D:7      | Reached **** piety under Okawaru
 10089 | D:7      | Reached skill level 5 in Invocations
 10089 | D:7      | Reached XP level 10. HP: 55/81 MP: 12/12
 11143 | D:8      | Found a shimmering altar of Xom.
 11446 | D:8      | Reached skill level 1 in Throwing
 11961 | D:10     | Entered Level 10 of the Dungeon
 12192 | D:9      | Reached skill level 5 in Armour
 12320 | D:9      | Noticed Grum
 12344 | D:9      | Killed Grum
 12514 | D:9      | Found Sarhups's Jewellery Boutique.
 12921 | D:9      | Reached skill level 11 in Axes
 13342 | D:10     | Noticed a gargoyle
 13349 | D:10     | Killed a gargoyle
 13349 | D:10     | Received a gift from Okawaru
 13394 | D:10     | Reached XP level 11. HP: 90/92 MP: 14/14
 14545 | D:10     | Found a staircase to the Lair.
 15313 | D:11     | Noticed a boulder beetle
 15334 | D:11     | Killed a boulder beetle
 15822 | Lair:1   | Entered Level 1 of the Lair of Beasts
 16152 | Lair:1   | Reached ***** piety under Okawaru
 16448 | Lair:1   | Mangled by a polar bear

Illustrated notes

Levels and vault maps discovered:
D:1:      saegor_arrival_miasma, layout_basic
D:2:      layout_rooms
D:3:      layout_basic, okawaru_ov_weapons_minmay, lemuel_crystal_altar
D:4:      layout_basic, serial_undead, serial_undead_f, serial_undead_f,
          serial_undead_c, serial_undead_c, uniq_eustachio, uniq_blork_the_orc
D:5:      layout_rooms, grunt_temple_overflow_open, corexii_checkpoint_a,
          uniq_grinder
D:6:      layout_gridville, minmay_temple_entry_hall,
          nicolae_elevator_lobby_plus
D:7:      layout_loops_corners, mainiacjoe_overflow_paths, trog_butcher_becter,
          serial_glass, glass_columns_c, glass_columns_a,
          wad_floor_pattern_untrapped, uniq_duvessa, uniq_maggie
D:8:      minmay_inner_zag, layout_rooms, kennysheep_mini, minmay_holes
D:9:      layout_basic, serial_shops, shop, minmay_fountain_box, uniq_grum
D:10:     layout_long_grid, lair_entry_dummy
D:11:     layout_long_grid
Temple:   nicolae_temple_bog_church
Lair:1:   layout_concentric_octagons

Skill      XL: |  1  2  3  4  5  6  7  8  9 10 11 |
---------------+----------------------------------+-----
Axes           | 2 3 4 5 7 9 10 11 | 11.7
Shields        | 3 4 |  4.6
Invocations    | 2 3 5 6 |  6.0
Armour         | 4 5 6 |  6.8
Fighting       | 5 7 8 |  8.2
Throwing       | 3 4 |  4.8

Action                     |  1- 3 |  4- 6 |  7- 9 | 10-12 || total
---------------------------+-------+-------+-------+-------++-------
  Melee: War axe           |   102 |   205 |   374 |   418 ||  1099
  Throw: Boomerang         |       |       |       |    33 ||    33
         Dart              |       |       |       |     5 ||     5
 Invoke: Heroism           |       |       |     5 |     7 ||    12
    Use: Scroll            |       |       |    11 |       ||    11
 Armour: Scale mail        |    64 |   107 |    22 |       ||   193
         Chain mail        |       |       |   101 |   195 ||   296
  Dodge: Dodged            |    50 |   102 |   128 |   177 ||   457
  Block: Buckler           |    30 |    40 |    56 |    97 ||   223
